 Dungeon Crawl Stone Soup version 0.27-a0-909-g0721f309d1 (webtiles) character file.

Game seed: 6905451739989969325

2 Alarkh the Insei (level 1, 0/16 HPs)
             Began as a Demonspawn Gladiator on Apr 8, 2021.
             Slain by a kobold
             ... wielding a +0 club
              (4 damage)
             ... on level 1 of the Dungeon.
             The game lasted 00:00:12 (48 turns).

Alarkh the Insei (Demonspawn Gladiator)               Turns: 48, Time: 00:00:13

Health: 0/16       AC:  4    Str: 14    XL:     1   Next: 33%
Magic:  1/1        EV: 12    Int:  9    God:
Gold:   0          SH:  0    Dex: 14    Spells: 0/0 levels left

rFire    . . .     SeeInvis .     - Unarmed
rCold    . . .     Faith    .   (no shield)
rNeg     . . .     Spirit   .   a - +0 leather armour
rPois    .         Reflect  .   b - +0 helmet
rElec    .         Harm     .   (no cloak)
rCorr    .         Rampage  .   (no gloves)
Will     .....                  (no boots)
Stlth    +.........             (no amulet)
HPRegen  0.05/turn              (no ring)
MPRegen  0.07/turn              (no ring)

@: no status effects
A: no striking features
a: no special abilities


You were on level 1 of the Dungeon.
You visited 1 branch of the dungeon, and saw 1 of its levels.

Inventory:

Missiles
 c - 3 throwing nets (quivered)
Armour
 a - a +0 leather armour (worn)
 b - a +0 helmet (worn)
Jewellery
 d - a +4 ring of protection


   Skills:
 + Level 2.1 Fighting
 - Level 1.7 Throwing
 - Level 2.6 Dodging
 * Level 2.8 Unarmed Combat


You couldn't memorise any spells.
You didn't know any spells.
Your spell library was empty.

Dungeon Overview and Level Annotations

Branches:
Dungeon (1/15)

Altars:


Message History

You are too injured to fight recklessly!
You are too injured to fight recklessly!
You are too injured to fight recklessly!
You are too injured to fight recklessly!
You are too injured to fight recklessly!
You are too injured to fight recklessly!
You are too injured to fight recklessly!
You hit the kobold.
You kill the kobold!
A nearby plant withers and dies.
A frilled lizard comes into view.
The kobold throws a stone.
The stone hits you but does no damage. The kobold hits you but does no damage.
The kobold barely misses you.
The kobold throws a stone.
The stone hits you.
Items here: ( )) †.
The frilled lizard hisses angrily.
You hit the kobold but do no damage.
A nearby plant withers and dies.
The kobold hits you with a +0 whip.
* * * LOW HITPOINT WARNING * * *
You closely miss the kobold.
The kobold hits the bush but does no damage.
A rat comes into view.
The kobold hits the bush but does no damage.
The kobold hits you but does no damage.
You closely miss the kobold.
The kobold hits the plant with a +0 club.
The plant begins to die.
The kobold completely misses the bush.
The kobold closely misses you.
You hit the kobold.
The kobold is moderately wounded.
The kobold hits the bush with a +0 club.
The kobold hits the bush but does no damage.
The kobold barely misses you.
You aren't carrying any potions.
You hit the kobold.
You kill the kobold!
A rat comes into view.
The kobold hits the bush but does no damage.
You barely miss the kobold. The kobold hits you with a +0 club.
You die...

...................#
...................#
...................#
#######......#######
# #......#P♣#♣♣#P♣
#......#♣P#...P#
######.#P...÷.r#.
#.#PK.r....#
#.@Kl..§.÷.#
###P.......#
#PP.....PP
##PP≈..PPP #P♣♣P♣#P♣
### ##


You could see 2 kobolds, a frilled lizard and 2 rats.

Vanquished Creatures
  A ball python (D:1)
  3 kobolds (D:1)
4 creatures vanquished.

Vanquished Creatures (others)
  4 plants (D:1)
4 creatures vanquished.

Grand Total: 8 creatures vanquished

Notes
Turn   | Place    | Note
-------+----------+-------------------------------------------
     0 | D:1      | Alarkh the Demonspawn Gladiator began the quest for the
                  | Orb.
     0 | D:1      | Reached XP level 1. HP: 16/16 MP: 1/1
    48 | D:1      | Slain by a kobold

Illustrated notes

Levels and vault maps discovered:
D:1:      wander_arrival_abandoned_jail, layout_basic, grunt_decor_arrowhead,
          lexackson_kobold_supper

Action                   || total
-------------------------++-------
Melee: Unarmed           ||    13
Armor: Leather armour    ||     3
Dodge: Dodged            ||     9

Table legend: (Time is in decaauts)
 A = Elapsed time spent in this place.
 B = Non-inter-level travel time spent in this place.
 C = Inter-level travel time spent in this place.
 D = Time resting spent in this place.
 E = Time spent auto-exploring this place.
 F = Levels seen in this place.
 G = Mean time per level.
                   A        B        C        D        E       F      G
               +--------+--------+--------+--------+--------+-----+--------+
         Total |     47 |     47 |      0 |      0 |     26 |   1 |   47.0 |
       Dungeon |     47 |     47 |      0 |      0 |     26 |   1 |   47.0 |
               +--------+--------+--------+--------+--------+-----+--------+

Top non-repeatable levels by time:
     D:1: 47 daAuts
